 Dungeon Crawl Stone Soup version 0.17.0-24-gcfadda4 (webtiles) character file.

189 M4edhros the Sneak (level 5, -8/33 HPs)
             Began as an Octopode Artificer on Nov 16, 2015.
             Mangled by a mummy (18 damage)
             ... in an ossuary.
             The game lasted 00:03:25 (1193 turns).

M4edhros the Sneak (Octopode Artificer)             Turns: 1193, Time: 00:03:25

Health: -8/33      AC:  1    Str:  7 (11) XL:     5   Next: 68%
Magic:  8/8        EV: 12    Int: 19      God:
Gold:   83         SH:  0    Dex: 13      Spells: 0 memorised, 4 levels left

rFire  . . .     SeeInvis .     o - +1 hand axe (elec)
rCold  . . .     Clarity  .     (no shield)
rNeg   . . .     SustAt   .     (helmet restricted)
rPois  .         Gourm    .     g - amulet of resist corrosion
rElec  .         Spirit   .     (no ring)
rCorr  +         Warding  .     (no ring)
rMut   .         Stasis   .     (no ring)
MR     .....                    (no ring)
Stlth  +++++.....               (no ring)
                                (no ring)
                                (no ring)
                                (no ring)

@: brilliant, not resistant to hostile enchantments, quite stealthy
A: almost no armour, amphibious, 8 rings, constrict 8, camouflage 1, gelatinous
body 1
a: no special abilities


You were in an ossuary.
You were hungry.

You visited 1 branch of the dungeon, and saw 4 of its levels.
You also visited: Ossuary.

You collected 83 gold pieces.

Inventory:

Hand Weapons
 a - a +0 short sword
 f - a +2 dagger of protection
 i - a +1 mace of holy wrath
 o - a +1 hand axe of electrocution (weapon)
 q - a +0 hunting sling
Missiles
 l - 41 stones (quivered)
Jewellery
 g - an amulet of resist corrosion (around mantle)
Wands
 b - a wand of flame (14)
 c - a wand of enslavement (11)
 d - a wand of random effects (15)
Scrolls
 j - a scroll of remove curse {unknown}
 m - a scroll of fear {unknown}
 n - a scroll of enchant armour {unknown}
 p - a scroll of identify {unknown}
 t - a scroll of fog {unknown}
Potions
 r - a potion of curing
Comestibles
 e - 2 bread rations
 k - 3 meat rations


   Skills:
 - Level 1.0 Fighting
 - Level 1.0 Short Blades
 + Level 1.4 Axes
 - Level 2.0 Dodging
 * Level 6.2 Stealth
 + Level 4.4 Evocations


You had 4 spell levels left.
You didn't know any spells.

Dungeon Overview and Level Annotations

Branches:
Dungeon (4/15)
 Temple: D:4-7

Altars:
Gozag
Ru
Vehumet
Zin

Annotations:
D:4 M4edhros's ghost, amateur OpAr


Innate Abilities, Weirdness & Mutations

You cannot wear most types of armour.
You are amphibious.
You can wear up to eight rings at the same time.
You can use your tentacles to constrict eight enemies at once.
Your skin changes colour to match your surroundings (Stealth).
Your rubbery body absorbs attacks (AC +1).


Message History

The helpless mummy fails to defend itself.
You slash the mummy! Your grab misses the mummy. You squeeze the mummy.
The mummy is heavily damaged.
The mummy closely misses you.
You completely miss the mummy. You grab the mummy.
The mummy is heavily damaged.
You constrict the mummy, but do no damage.
The mummy barely misses you.
You hit the mummy.
The mummy is severely damaged.
You constrict the mummy, but do no damage.
You hit the mummy.
The mummy is almost destroyed.
You constrict the mummy, but do no damage.
The mummy hits you!
You hit the mummy.
The mummy is almost destroyed.
You constrict the mummy. The mummy hits you!!
Ouch! That really hurt!
You die...

#################
#??#...........∩
#??+............ ..
####.........#####...
#.....................
#....M@................
#.....##...............
#.....##..........Z....
#......................
#......................
#..#...................
#..##..................
#∩ #..........∩.....Z.
#..........∩.......


You could see a mummy.

Vanquished Creatures
  A human zombie (Ossuary)
  An orc wizard (D:3)
  An iguana (D:4)
  2 big kobold zombies (Ossuary)
  An adder (D:2)
  2 worms (D:2)
  An adder zombie (Ossuary)
  A giant gecko (D:3)
  4 orcs (D:3)
  3 giant cockroaches
  7 goblins
  3 hobgoblins
  A jackal (D:3)
  A quokka (D:4)
  A ball python (D:3)
  4 bats
  4 giant newts
  2 goblin zombies (Ossuary)
  A kobold (D:2)
  A kobold zombie (Ossuary)
  4 rats
  A rat zombie (Ossuary)
47 creatures vanquished.

Vanquished Creatures (collateral kills)
  A rat (D:2)
1 creature vanquished.

Vanquished Creatures (others)
  An adder (D:2)
1 creature vanquished.

Grand Total: 49 creatures vanquished

Notes
Turn   | Place    | Note
--------------------------------------------------------------
     0 | D:1      | M4edhros the Octopode Artificer began the quest for the Orb.
     0 | D:1      | Reached XP level 1. HP: 13/13 MP: 3/3
   125 | D:1      | Reached XP level 2. HP: 4/18 MP: 4/4
   409 | D:2      | Found an opulent altar of Gozag.
   410 | D:2      | Found a glowing silver altar of Zin.
   449 | D:2      | Found a radiant altar of Vehumet.
   519 | D:2      | Reached XP level 3. HP: 20/23 MP: 5/5
   534 | D:2      | Reached skill level 4 in Stealth
   767 | D:3      | Found a sacrificial altar of Ru.
   770 | D:3      | Reached XP level 4. HP: 28/28 MP: 5/7
   851 | D:3      | Reached skill level 5 in Stealth
  1103 | D:4      | Noticed M4edhros's ghost (amateur OpAr)
  1157 | D:4      | Found a sand-covered staircase.
  1163 | Ossuary  | Entered an ossuary
  1173 | Ossuary  | Reached skill level 1 in Axes
  1173 | Ossuary  | Reached XP level 5. HP: 20/33 MP: 8/8
  1183 | Ossuary  | Reached skill level 6 in Stealth
  1193 | Ossuary  | Mangled by a mummy

Action                   |  1- 3 |  4- 6 || total
-------------------------+-------+-------++-------
Melee: Short sword       |    21 |       ||    21
       Mace              |    11 |       ||    11
       Dagger            |    24 |       ||    24
       Hand axe          |     1 |    30 ||    31
Evoke: Wand              |     5 |       ||     5
  Use: Potion            |     3 |     4 ||     7
 Stab: Sleeping          |     9 |     7 ||    16
       Paralysed         |       |     1 ||     1
